 Dungeon Crawl Stone Soup version 0.21.1-1-g345015f (webtiles) character file.

694 Raikon the Chopper (level 7, -5/66 HPs)
             Began as a Hill Orc Fighter on July 8, 2018.
             Was an Initiate of Makhleb.
             Slain by an ogre
             ... wielding a +0 giant club
              (16 damage)
             ... on level 4 of the Dungeon.
             The game lasted 00:14:27 (3917 turns).

Raikon the Chopper (Hill Orc Fighter)               Turns: 3917, Time: 00:14:27

Health: -5/66      AC: 10    Str: 21    XL:     7   Next: 64%
Magic:  7/7        EV:  8    Int:  8    God:    Makhleb [......]
Gold:   156        SH:  9    Dex: 10    Spells: 6/6 levels left

rFire    + . .     SeeInvis .   a - +0 war axe
rCold    x . .     Gourm    .   c - +0 shield
rNeg     . . .     Faith    .   j - +4 ring mail {rPois}
rPois    +         Spirit   .   (no helmet)
rElec    .         Reflect  .   (no cloak)
rCorr    .         Harm     .   (no gloves)
MR       .....                  (no boots)
Stlth    ..........             (no amulet)
HPRegen  0.21/turn              o - ring of fire
MPRegen  0.10/turn              (no ring)

@: about to teleport
A: no striking features
a: Renounce Religion


You were on level 4 of the Dungeon.
You worshipped Makhleb.
Makhleb was noncommittal.
You were not hungry.

You visited 1 branch of the dungeon, and saw 5 of its levels.

You collected 156 gold pieces.

Inventory:

Hand Weapons
 a - a +0 war axe (weapon)
 i - a +2 hand axe of venom
 p - a +0 club
 x - a +2 whip of flaming
Missiles
 r - 15 tomahawks (quivered)
Armour
 b - a +0 scale mail
 c - a +0 shield (worn)
 j - a +4 ring mail of poison resistance (worn)
Magical Staves
 t - an uncursed staff of air
Jewellery
 o - a ring of fire (left hand)
Wands
 h - a wand of disintegration (14)
 q - a wand of polymorph (10)
 s - a wand of iceblast (9)
 u - a wand of paralysis (11)
 y - a wand of enslavement (14)
Scrolls
 d - a scroll of blinking {unknown}
 g - 2 scrolls of identify
 l - a scroll of teleportation
 m - 3 scrolls of enchant armour {unknown}
 n - 2 scrolls of enchant weapon {unknown}
 z - a scroll of remove curse {unknown}
 A - a scroll of fear
Potions
 e - 4 potions of curing
 k - 4 potions of heal wounds
 v - 3 potions of agility {unknown}
Comestibles
 f - 6 rations
 w - 7 chunks of flesh


   Skills:
 - Level 7.0 Fighting
 - Level 7.6 Axes
 + Level 4.9 Armour
 - Level 3.2 Shields


You had 6 spell levels left.
You didn't know any spells.

Dungeon Overview and Level Annotations

Branches:
Dungeon (5/15)
 Temple: D:4-7

Altars:
Makhleb
Sif Muna
Yredelemnul

Shops:
D:4 [=


Message History

The ogre is moderately wounded.
The ogre hits you with a giant club!
You take 12 damage, and have 26/66 hp.
You hit the ogre.
The ogre is moderately wounded.
The ogre hits you with a giant club!
* * * LOW HITPOINT WARNING * * *
You take 9 damage, and have 17/66 hp.
There is a stone staircase leading down here.
The ogre hits you with a giant club!
* * * LOW HITPOINT WARNING * * *
You climb downwards.
An orc comes into view.
There is a stone staircase leading up here.
You take 8 damage, and have 11/66 hp.
You climb upwards.
There is a stone staircase leading down, spattered with blood here.
As you read the scroll of teleportation, it crumbles to dust.
You feel strangely unstable. The ogre hits you with a giant club!
You die...

################ #......##......#
#......##......#
#......##......########
#......##.......##.....
.##########...............##.####
.........##......###...##.##.# #
................@O.+...##....# #
..######.#######)###...####### #
.. #..# ###.[.#.### #
..#######.## #...#.#.# #
...........# #.#.....######### #
.........#.###.#.#.#.........# #
.........#..##.....#.#######.# #
.................###.......#.# #
....................<...#.##.####


You could see an ogre.

Vanquished Creatures
  The ghost of olivier the Shield-Bearer, an amateur GnFi (D:4)
  The ghost of diana the Sneak, an amateur VSEn (D:3)
  A wyvern skeleton (D:3)
  An orc priest (D:4)
  An iguana (D:4)
  Ijyb (D:3)
  2 orc wizards (D:4)
  A worker ant (D:4)
  7 adders
  An ooze (D:3)
  An adder skeleton (D:4)
  A worm (D:2)
  A dart slug (D:3)
  3 leopard geckos (D:1)
  25 orcs
  4 ball pythons
  6 bats
  6 giant cockroaches
  11 goblins
  10 hobgoblins
  4 jackals (D:1)
  6 kobolds
  6 frilled lizards
  10 rats
111 creatures vanquished.

Notes
Turn   | Place    | Note
-------+----------+-------------------------------------------
     0 | D:1      | Raikon the Hill Orc Fighter began the quest for the Orb.
     0 | D:1      | Reached XP level 1. HP: 19/19 MP: 1/1
    91 | D:1      | Reached XP level 2. HP: 25/26 MP: 2/2
   610 | D:1      | Reached XP level 3. HP: 21/31 MP: 3/3
  1047 | D:2      | Reached skill level 5 in Axes
  1508 | D:2      | Reached XP level 4. HP: 22/39 MP: 4/4
  2483 | D:3      | Reached XP level 5. HP: 39/45 MP: 5/5
  2618 | D:3      | Noticed diana's ghost (amateur VSEn)
  2631 | D:3      | Killed diana's ghost
  2770 | D:3      | Found a deep blue altar of Sif Muna.
  2919 | D:3      | Noticed Ijyb
  2928 | D:3      | Killed Ijyb
  2928 | D:3      | Reached XP level 6. HP: 40/53 MP: 6/6
  3067 | D:3      | Reached skill level 5 in Fighting
  3145 | D:4      | Found Lazesi's Armour Emporium.
  3184 | D:4      | Noticed olivier's ghost (amateur GnFi)
  3206 | D:4      | Killed olivier's ghost
  3206 | D:4      | Reached XP level 7. HP: 20/66 MP: 7/7
  3586 | D:4      | Found a basalt altar of Yredelemnul.
  3594 | D:4      | Found a burning altar of Makhleb.
  3625 | D:4      | Became a worshipper of Makhleb the Destroyer
  3754 | D:4      | Found Oplut's Jewellery Boutique.
  3914 | D:5      | Entered Level 5 of the Dungeon
  3917 | D:4      | Slain by an ogre

Skill      XL: |  1  2  3  4  5  6  7 |
---------------+----------------------+-----
Axes           | 3 4 5 6 7 |  7.6
Fighting       | 4 7 |  7.0
Armour         | 4 |  4.9
Shields        | |  3.2

Action                   |  1- 3 |  4- 6 |  7- 9 || total
-------------------------+-------+-------+-------++-------
Melee: War axe           |   134 |   141 |    80 ||   355
Throw: Tomahawk          |       |     5 |       ||     5
Evoke: Wand              |       |     1 |       ||     1
  Use: Scroll            |     1 |     8 |     1 ||    10
       Potion            |     1 |       |       ||     1
 Stab: Paralysed         |       |     4 |       ||     4
  Eat: Chunk             |     2 |     6 |     2 ||    10
Armor: Scale mail        |    57 |    33 |       ||    90
       Ring mail         |       |    27 |    33 ||    60
Dodge: Dodged            |    34 |    40 |    23 ||    97
Block: Shield            |    75 |    77 |    28 ||   180
